 Dungeon Crawl Stone Soup version 0.21.1-1-g345015fe64 (webtiles) character file.

2576 Liuhe the Archer (level 9, -14/74 HPs)
             Began as a Centaur Hunter on May 25, 2018.
             Was a Follower of the Shining One.
             Demolished by an orc warrior
             ... wielding a +0 halberd
              (19 damage)
             ... on level 6 of the Dungeon.
             The game lasted 00:53:58 (8206 turns).

Liuhe the Archer (Centaur Hunter)                   Turns: 8206, Time: 00:53:59

Health: -14/74     AC:  7    Str: 22      XL:     9   Next: 32%
Magic:  9/9        EV:  9    Int:  7 (10) God:    the Shining One [*.....]
Gold:   246        SH:  0    Dex: 11 (13) Spells: 8/8 levels left

rFire    x . .     SeeInvis .   l - +1 long sword (freeze)
rCold    + . .     Gourm    .   (no shield)
rNeg     . . .     Faith    .   s - +0 ring mail
rPois    .         Spirit   .   h - +0 hat
rElec    .         Reflect  .   (no cloak)
rCorr    .         Harm     .   F - +0 pair of gloves
MR       .....                  (no barding)
Stlth    ..........             (no amulet)
HPRegen  0.22/turn              z - +5 ring of strength
MPRegen  0.11/turn              n - ring of ice

@: glowing, very quick
A: large, claws 1, hooves 3, deformed body, deterioration 1, speed 2, strong 1,
tough skin 3
a: Renounce Religion


You were on level 6 of the Dungeon.
You worshipped the Shining One.
The Shining One was aware of your devotion.
You were not hungry.

You visited 1 branch of the dungeon, and saw 6 of its levels.
You also visited: Sewer.

You collected 246 gold pieces.

Inventory:

Hand Weapons
 a - a +2 shortbow
 b - a +3 dagger
 l - a +1 long sword of freezing (weapon)
 A - a +2 dagger of speed
 H - a +2 dagger of electrocution
Missiles
 d - 24 arrows
 e - 52 bolts
 k - 160 stones
 B - 24 sling bullets
 G - 4 needles of confusion (quivered)
Armour
 h - a +0 hat (worn)
 s - a +0 ring mail (worn)
 F - a +0 pair of gloves (worn)
Jewellery
 n - a ring of ice (right hand)
 y - an uncursed ring of see invisible
 z - a +5 ring of strength (left hand)
Wands
 C - a wand of disintegration (13)
Scrolls
 i - a scroll of enchant weapon
 q - a scroll of enchant armour {unknown}
 r - a scroll of immolation {unknown}
 t - 2 scrolls of fear
 v - a scroll of remove curse
 w - 4 scrolls of teleportation
 x - 2 scrolls of amnesia
 E - a scroll of magic mapping
Potions
 g - a potion of curing
Comestibles
 f - 3 rations


   Skills:
 + Level 5.2 Fighting
 + Level 3.6 Short Blades
 + Level 0.4(2.2) Long Blades
 + Level 11.6 Bows
 + Level 1.2 Throwing
 * Level 4.8 Armour
 + Level 2.3 Dodging
 - Level 0.4 Stealth


You had 8 spell levels left.
You didn't know any spells.

Dungeon Overview and Level Annotations

Branches:
Dungeon (6/15)             Temple (0/1) D:5

Altars:
Fedhas
Gozag
Wu Jian
Xom
Zin
The Shining One


Innate Abilities, Weirdness & Mutations

You have hooves in place of feet.
Armour fits poorly on your strangely shaped body.
You cover ground very quickly.
You have extremely tough skin. (AC +3)
You have sharp fingernails.
Your body sometimes deteriorates upon taking damage.
Your muscles are strong. (Str +2)


Message History

You hit the orc warrior but do no damage.
The orc warrior hits you with a halberd!
You hit the orc warrior. You freeze the orc warrior.
Your kick misses the orc warrior.
The orc warrior is lightly wounded.
The orc warrior hits you with a halberd!!
* * * LOW HITPOINT WARNING * * *
You feel much better.
The orc warrior hits you with a halberd!
* * * LOW HITPOINT WARNING * * *
You hit the orc warrior. You freeze the orc warrior.
Your kick misses the orc warrior.
The orc warrior is lightly wounded.
The orc warrior hits you with a halberd!
* * * LOW HITPOINT WARNING * * *
You hit the orc warrior but do no damage.
You kick the orc warrior, but do no damage.
The orc warrior is lightly wounded.
The orc warrior hits you with a halberd!!
You die...

#..##..)......##.##...†.#
#.###.###.....#..##.....#
#.###.# #.......#*#.....#
#.##..# #.....#####.....#
#.##.####.........#..####
#.##.##..............#
#.#..##.#.....###....#
#.#.###.##..(..###...#
#.#.....@o(....(##..##
#.#..###.###....###.#
#.#......# #....# ###
#.#...#### #....#**
#....## ###...,* #...##
*,,,,******* #...#
*,,,,,,,,,,, ####.#####
*,,,,,,,,,,, #........#
*,***,,,,,,,


You could see an orc warrior.

Vanquished Creatures
  The ghost of Lavandula the Ruffian, a novice DDTm of Makhleb (D:6)
  Grinder (D:5)
  An orc warrior (D:6)
  2 phantoms
  3 ogres
  A centaur (D:6)
  5 big kobolds (Sewer)
  A bullfrog (D:6)
  4 wights (D:6)
  2 howler monkeys
  A crimson imp (D:5)
  A hound (D:4)
  A bullfrog skeleton (D:4)
  2 orc priests (D:5)
  7 orc wizards
  An iguana (D:6)
  Ijyb (D:5)
  7 worker ants
  4 river rats (Sewer)
  7 adders
  A shadow imp (D:6)
  2 oozes
  An adder skeleton (D:5)
  9 worms
  2 dart slugs
  8 leopard geckos
  14 orcs
  5 giant cockroaches
  5 goblins
  10 hobgoblins
  10 jackals
  4 quokkas
  6 ball pythons
  9 bats
  4 frilled lizards
  13 kobolds
  2 quokka skeletons (D:4)
  13 rats
171 creatures vanquished.

Notes
Turn   | Place    | Note
-------+----------+-------------------------------------------
     0 | D:1      | Liuhe the Centaur Hunter began the quest for the Orb.
     0 | D:1      | Reached XP level 1. HP: 17/17 MP: 1/1
   605 | D:1      | Reached XP level 2. HP: 24/24 MP: 2/2
  1027 | D:1      | Reached skill level 6 in Bows
  1199 | D:1      | Reached XP level 3. HP: 29/29 MP: 3/3
  2376 | D:2      | Reached skill level 1 in Armour
  2386 | D:2      | Reached XP level 4. HP: 36/36 MP: 4/4
  2844 | D:3      | Reached skill level 7 in Bows
  2908 | D:3      | Reached XP level 5. HP: 34/44 MP: 5/5
  2984 | D:3      | Found a faded altar of an unknown god.
  3115 | D:3      | Found a glowing drain.
  3129 | Sewer    | Entered a sewer
  3353 | Sewer    | Reached skill level 8 in Bows
  3501 | Sewer    | Reached XP level 6. HP: 51/51 MP: 6/6
  3650 | Sewer    | Reached skill level 1 in Short Blades
  4014 | Sewer    | Reached XP level 7. HP: 35/57 MP: 7/7
  4478 | D:3      | Found a glowing golden altar of the Shining One.
  4507 | D:3      | Became a worshipper of the Shining One
  4683 | D:3      | Found an opulent altar of Gozag.
  4683 | D:3      | Found a glowing silver altar of Zin.
  5055 | D:4      | Reached skill level 9 in Bows
  5370 | D:4      | Gained mutation: Your magical capacity is low. (-10% MP) [potion of mutation]
  5370 | D:4      | Gained mutation: You are partially covered in large bone plates. (SH +4) [potion of mutation]
  5370 | D:4      | Lost mutation: Your magical capacity is low. (-10% MP) [potion of mutation]
  5370 | D:4      | Gained mutation: You are somewhat resistant to further mutation. [potion of mutation]
  5371 | D:4      | Lost mutation: You are somewhat resistant to further mutation. [potion of mutation]
  5371 | D:4      | Lost mutation: You are partially covered in large bone plates. (SH +4) [potion of mutation]
  5371 | D:4      | Gained mutation: Your body sometimes deteriorates upon taking damage. [potion of mutation]
  5371 | D:4      | Gained mutation: Your muscles are strong. (Str +2) [potion of mutation]
  5371 | D:4      | Gained mutation: You have sharp fingernails. [potion of mutation]
  5418 | D:4      | Reached skill level 1 in Throwing
  5451 | D:4      | Reached XP level 8. HP: 66/66 MP: 8/8
  6033 | D:5      | Entered Level 5 of the Dungeon
  6064 | D:5      | Noticed Grinder
  6074 | D:5      | Paralysed by Grinder for 4 turns
  6088 | D:5      | Killed Grinder
  6088 | D:5      | Reached skill level 10 in Bows
  6233 | D:5      | Found a staircase to the Ecumenical Temple.
  6303 | D:5      | Found an ornate altar of the Wu Jian Council.
  6327 | D:5      | Reached * piety under the Shining One
  6591 | D:5      | Noticed Ijyb
  6605 | D:5      | Killed Ijyb
  7246 | D:6      | Reached skill level 11 in Bows
  7261 | D:6      | Noticed Lavandula's ghost (novice DDTm)
  7299 | D:6      | Found a shimmering altar of Xom.
  7311 | D:6      | Found a blossoming altar of Fedhas.
  7323 | D:6      | Reached XP level 9. HP: 13/73 MP: 9/9
  7881 | D:6      | Reached skill level 5 in Fighting
  8081 | D:6      | Killed Lavandula's ghost
  8206 | D:6      | Demolished by an orc warrior

Skill      XL: |  1  2  3  4  5  6  7  8  9 |
---------------+----------------------------+-----
Bows           | 6 7 8 9 11 | 11.6
Armour         | 1 2 3 4 |  4.8
Fighting       | 3 4 5 |  5.2
Short Blades   | 1 2 3 |  3.6
Throwing       | 1 |  1.2
Dodging        | 2 |  2.3
Long Blades    | |  0.4
Stealth        | |  0.4

Action                   |  1- 3 |  4- 6 |  7- 9 || total
-------------------------+-------+-------+-------++-------
Melee: Shortbow          |     5 |       |       ||     5
       Dagger            |       |    89 |   155 ||   244
       Kick              |       |    23 |    45 ||    68
       Spear             |       |       |    12 ||    12
       Long sword        |       |       |    17 ||    17
 Fire: Shortbow          |   122 |   113 |   165 ||   400
Throw: Stone             |       |    15 |     6 ||    21
  Use: Scroll            |     2 |     1 |    11 ||    14
       Potion            |       |       |    13 ||    13
  Eat: Ration            |     1 |     1 |     4 ||     6
       Chunk             |     1 |       |       ||     1
Armor: Leather armour    |    12 |       |       ||    12
       Ring mail         |    12 |    34 |    60 ||   106
Dodge: Dodged            |    19 |    47 |    72 ||   138
       Rpst.: Long sword |       |       |     2 ||     2
